| TOP OF THE 1ST |
|
Danville Veterans batting - Pitching for Wausau Timbers : RHP Brian Buckley
|
|
Pitching: RHP Brian Buckley
|
|
|
Batting: RHB Henry Janssen
|
0-0: Ball 1-0: Ball 2-0: Called Strike 2-1: Called Strike 2-2: Foul Ball, location: 2F 2-2: Ball 3-2: Foul Ball, location: 2F 3-2: Base on Balls
|
|
Batting: SHB Donnie Hill
|
0-0: Ball 1-0: Called Strike 1-1: Ball 2-1: Ball 3-1: Called Strike 3-2: Fly out, F8 (Flyball, 8LXD, EV 105.0 MPH)
|
|
Batting: LHB Mark Salas
|
0-0: Ball 1-0: Fielders Choice at 2nd, 5-4 (Groundball, 56, EV 84.4 MPH)
|
|
Batting: RHB Robert Gauci
|
0-0: Ball 1-0: Ball 2-0: Ball 3-0: Called Strike 3-1: Fielders Choice at 2nd, 6-4 (Groundball, 6, EV 98.1 MPH)
|
| Top of the 1st over - 0 runs, 0 hits, 0 errors, 1 left on base; Danville 0 - Wausau 0 |
| BOTTOM OF THE 1ST |
|
Wausau Timbers batting - Pitching for Danville Veterans : RHP John Violette
|
|
Pitching: RHP John Violette
|
|
|
Batting: RHB John Nicolo
|
0-0: Ball 1-0: Swinging Strike 1-1: Reached on error, E6 (Groundball, 6, EV 89.4 MPH)
|
|
Batting: LHB Rodney Nealeigh
|
0-0: Ball 1-0: Ball 2-0: Foul Ball, location: 2F 2-1: Fly out, F8 (Flyball, 8LS, EV 85.0 MPH)
|
|
Batting: RHB Rich Renteria
|
0-0: Called Strike 0-1: Ground out 4-3 (Groundball, 4, EV 85.6 MPH) John Nicolo to third
|
|
Batting: SHB James Flores
|
0-0: Called Strike 0-1: Fly out, F8 (Flyball, 8LXD, EV 108.1 MPH)
|
| Bottom of the 1st over - 0 runs, 0 hits, 1 error, 1 left on base; Danville 0 - Wausau 0 |
| TOP OF THE 2ND |
|
Danville Veterans batting - Pitching for Wausau Timbers : RHP Brian Buckley
|
|
Batting: RHB Joseph Soprano
|
0-0: Foul Ball, location: 2F 0-1: SINGLE (Groundball, 34D, EV 99.4 MPH)
|
|
Batting: RHB Ed Saavedra
|
0-0: Grounds into double play, 5-4-3 (Groundball, 56, EV 79.4 MPH)
|
|
Batting: RHB Robert Allen
|
0-0: Ball 1-0: Ball 2-0: Foul Ball, location: 2F 2-1: Ball 3-1: Called Strike 3-2: Foul Ball, location: 2F 3-2: Base on Balls
|
|
Batting: RHB Vincent Pone
|
0-0: Ball 1-0: Foul Ball, location: 2F 1-1: Foul Ball, location: 2F 1-2: Fielders Choice at 2nd, 5-4 (Groundball, 56, EV 80.0 MPH)
|
| Top of the 2nd over - 0 runs, 1 hit, 0 errors, 1 left on base; Danville 0 - Wausau 0 |
| BOTTOM OF THE 2ND |
|
Wausau Timbers batting - Pitching for Danville Veterans : RHP John Violette
|
|
Batting: RHB Douglas Davis
|
0-0: Called Strike 0-1: Foul Ball, location: 2F 0-2: Ball 1-2: DOUBLE (Line Drive, 89D, EV 102.5 MPH)
|
|
Batting: LHB Ricky Seilheimer
|
0-0: Called Strike 0-1: Ball 1-1: Ball 2-1: Swinging Strike 2-2: SINGLE (Groundball, 6D, EV 103.1 MPH) Douglas Davis to third Runner from 3rd tries for Home, SAFE, throw by CF to home Ricky Seilheimer to second
|
|
Batting: LHB Jerry Morton
|
0-0: Ground out 1-3 (Groundball, 13S, EV 62.5 MPH) Ricky Seilheimer to third
|
|
Batting: RHB Jeffrey Young
|
0-0: Called Strike 0-1: Ball 1-1: SINGLE (Line Drive, 3D, EV 96.9 MPH) Ricky Seilheimer scores
|
|
Batting: RHB John Pignotti
|
0-0: Called Strike Jeffrey Young is caught stealing 2nd base 2-4 0-1: Foul Ball, location: 2F 0-2: Foul Ball, location: 2F 0-2: Ground out 5-3 (Groundball, 56S, EV 60.6 MPH)
|
| Bottom of the 2nd over - 2 runs, 3 hits, 0 errors, 0 left on base; Danville 0 - Wausau 2 |
| TOP OF THE 3RD |
|
Danville Veterans batting - Pitching for Wausau Timbers : RHP Brian Buckley
|
|
Batting: RHB Jeff Hall
|
0-0: Ball 1-0: Foul Ball, location: 2F 1-1: Fly out, F7 (Flyball, 78D, EV 101.9 MPH)
|
|
Batting: RHB Henry Janssen
|
0-0: Called Strike 0-1: Called Strike 0-2: Ball 1-2: Ball 2-2: Foul Ball, location: 2F 2-2: Ball 3-2: Fly out, F2 (Popup, 13S, EV 83.8 MPH)
|
|
Batting: SHB Donnie Hill
|
0-0: Called Strike 0-1: Ball 1-1: Foul Ball, location: 2F 1-2: Foul Ball, location: 2F 1-2: Ground out 4-3 (Groundball, 4MD, EV 82.5 MPH)
|
| Top of the 3rd over - 0 runs, 0 hits, 0 errors, 0 left on base; Danville 0 - Wausau 2 |
| BOTTOM OF THE 3RD |
|
Wausau Timbers batting - Pitching for Danville Veterans : RHP John Violette
|
|
Batting: RHB John Nicolo
|
0-0: Swinging Strike 0-1: Ball 1-1: Ball 2-1: Foul Ball, location: 2F 2-2: Foul Ball, location: 2F 2-2: Fly out, F4 (Line Drive, 4, EV 68.8 MPH)
|
|
Batting: LHB Rodney Nealeigh
|
0-0: Ball 1-0: Ball 2-0: Foul Ball, location: 2F 2-1: Foul Ball, location: 2F 2-2: Ball 3-2: Strikes out swinging
|
|
Batting: RHB Rich Renteria
|
0-0: Called Strike 0-1: Ball 1-1: Foul Ball, location: 2F 1-2: Fly out, F9 (Flyball, 9S, EV 95.0 MPH)
|
| Bottom of the 3rd over - 0 runs, 0 hits, 0 errors, 0 left on base; Danville 0 - Wausau 2 |
| TOP OF THE 4TH |
|
Danville Veterans batting - Pitching for Wausau Timbers : RHP Brian Buckley
|
|
Batting: LHB Mark Salas
|
0-0: Ball 1-0: Swinging Strike 1-1: Foul Ball, location: 2F 1-2: Ground out 4-3 (Groundball, 4M, EV 85.6 MPH)
|
|
Batting: RHB Robert Gauci
|
0-0: Called Strike 0-1: Ball 1-1: Ground out 4-3 (Groundball, 34D, EV 77.5 MPH)
|
|
Batting: RHB Joseph Soprano
|
0-0: Ball 1-0: Ball 2-0: Called Strike 2-1: Called Strike 2-2: Fly out, F8 (Line Drive, 8RM, EV 93.1 MPH)
|
| Top of the 4th over - 0 runs, 0 hits, 0 errors, 0 left on base; Danville 0 - Wausau 2 |
| BOTTOM OF THE 4TH |
|
Wausau Timbers batting - Pitching for Danville Veterans : RHP John Violette
|
|
Batting: SHB James Flores
|
0-0: Foul Ball, location: 2F 0-1: Called Strike 0-2: Ball 1-2: Ball 2-2: Foul Ball, location: 2F 2-2: Ball 3-2: Fly out, F8 (Line Drive, 8LM, EV 94.4 MPH)
|
|
Batting: RHB Douglas Davis
|
0-0: Ball 1-0: Foul Ball, location: 2F 1-1: Foul Ball, location: 2F 1-2: Ball 2-2: Foul Ball, location: 2F 2-2: Ball 3-2: SOLO HOME RUN (Flyball, 7D, EV 109.4 MPH), Distance : 371 ft
|
|
Batting: LHB Ricky Seilheimer
|
0-0: Ball 1-0: Foul Ball, location: 2F 1-1: Foul Ball, location: 2F 1-2: Ground out 4-3 (Groundball, 4S, EV 81.9 MPH)
|
|
Batting: LHB Jerry Morton
|
0-0: Ground out U3 (Groundball, 3, EV 85.6 MPH)
|
| Bottom of the 4th over - 1 run, 1 hit, 0 errors, 0 left on base; Danville 0 - Wausau 3 |
| TOP OF THE 5TH |
|
Danville Veterans batting - Pitching for Wausau Timbers : RHP Brian Buckley
|
|
Batting: RHB Ed Saavedra
|
0-0: Called Strike 0-1: Called Strike 0-2: Strikes out swinging
|
|
Batting: RHB Robert Allen
|
0-0: Ball 1-0: Ball 2-0: Foul Ball, location: 2F 2-1: Called Strike 2-2: Foul Ball, location: 2F 2-2: Ball 3-2: Base on Balls
|
|
Batting: RHB Vincent Pone
|
0-0: Fly out, F8 (Line Drive, 8LD, EV 90.6 MPH)
|
|
Batting: RHB Jeff Hall
|
0-0: Called Strike 0-1: Ball 1-1: Called Strike 1-2: Strikes out looking
|
| Top of the 5th over - 0 runs, 0 hits, 0 errors, 1 left on base; Danville 0 - Wausau 3 |
| BOTTOM OF THE 5TH |
|
Wausau Timbers batting - Pitching for Danville Veterans : RHP John Violette
|
|
Batting: RHB Jeffrey Young
|
0-0: Ball 1-0: Ball 2-0: Swinging Strike 2-1: Foul Ball, location: 2F 2-2: Foul Ball, location: 2F 2-2: Foul Ball, location: 2F 2-2: Strikes out swinging
|
|
Batting: RHB John Pignotti
|
0-0: Called Strike 0-1: Ball 1-1: Ball 2-1: Ball 3-1: Foul Ball, location: 2F 3-2: Ground out 6-3 (Groundball, 56, EV 99.4 MPH)
|
|
Batting: RHB John Nicolo
|
0-0: Fly out, F5 (Popup, 25, EV 78.1 MPH)
|
| Bottom of the 5th over - 0 runs, 0 hits, 0 errors, 0 left on base; Danville 0 - Wausau 3 |
| TOP OF THE 6TH |
|
Danville Veterans batting - Pitching for Wausau Timbers : RHP Brian Buckley
|
|
Batting: RHB Henry Janssen
|
0-0: Called Strike 0-1: Called Strike 0-2: Fly out, F8 (Flyball, 8RM, EV 88.8 MPH)
|
|
Batting: SHB Donnie Hill
|
0-0: Ball 1-0: Foul Ball, location: 2F 1-1: SINGLE (Line Drive, 7S, EV 113.1 MPH)
|
|
Batting: LHB Mark Salas
|
0-0: Ball 1-0: Ball 2-0: Called Strike 2-1: Fly out, F8 (Flyball, 8LXD, EV 90.6 MPH)
|
|
Batting: RHB Robert Gauci
|
0-0: Ball Donnie Hill steals 2nd base 1-0: SINGLE (Line Drive, 6D, EV 110.0 MPH) Donnie Hill to third Runner from 3rd tries for Home, SAFE, throw by LF to home
|
|
Batting: RHB Joseph Soprano
|
0-0: Called Strike 0-1: Foul Ball, location: 2F 0-2: Ball 1-2: Ball 2-2: Foul Ball, location: 2F 2-2: Ball 3-2: Foul Ball, location: 2F 3-2: Fly out, F7 (Flyball, 78S, EV 84.4 MPH)
|
| Top of the 6th over - 1 run, 2 hits, 0 errors, 1 left on base; Danville 1 - Wausau 3 |
| BOTTOM OF THE 6TH |
|
Wausau Timbers batting - Pitching for Danville Veterans : RHP John Violette
|
|
Batting: LHB Rodney Nealeigh
|
0-0: Ball 1-0: Fly out, F8 (Flyball, 8LXD, EV 96.3 MPH)
|
|
Batting: RHB Rich Renteria
|
0-0: Ball 1-0: Called Strike 1-1: Ball 2-1: Ball 3-1: Base on Balls
|
|
Batting: SHB James Flores
|
0-0: Ball 1-0: Foul Ball, location: 2F 1-1: SINGLE (Line Drive, 4MD, EV 94.4 MPH) Rich Renteria to second
|
|
Batting: RHB Douglas Davis
|
0-0: SINGLE (Line Drive, 3D, EV 98.1 MPH) Rich Renteria to third James Flores to second Runner from 3rd tries for Home, SAFE, throw by RF to home
|
|
Batting: LHB Ricky Seilheimer
|
0-0: Ball 1-0: Ball 2-0: Swinging Strike 2-1: Called Strike 2-2: Fielders Choice at 2nd, 4-6 (Groundball, 4, EV 91.3 MPH) James Flores to third
|
|
Batting: LHB Jerry Morton
|
0-0: Fly out, F5 (Popup, 56S, EV 81.3 MPH)
|
| Bottom of the 6th over - 1 run, 2 hits, 0 errors, 2 left on base; Danville 1 - Wausau 4 |
| TOP OF THE 7TH |
|
Danville Veterans batting - Pitching for Wausau Timbers : RHP Brian Buckley
|
|
Batting: RHB Ed Saavedra
|
0-0: Ball 1-0: Called Strike 1-1: Foul Ball, location: 2F 1-2: Foul Ball, location: 2F 1-2: Ball 2-2: Ball 3-2: Ground out 5-3 (Groundball, 56S, EV 77.5 MPH)
|
|
Batting: RHB Robert Allen
|
0-0: Ball 1-0: Fly out, F7 (Flyball, 7LM, EV 81.9 MPH)
|
|
Batting: RHB Vincent Pone
|
0-0: Ball 1-0: Foul Ball, location: 2F 1-1: Called Strike 1-2: Strikes out swinging
|
| Top of the 7th over - 0 runs, 0 hits, 0 errors, 0 left on base; Danville 1 - Wausau 4 |
| BOTTOM OF THE 7TH |
|
Wausau Timbers batting - Pitching for Danville Veterans : RHP John Violette
|
|
Batting: RHB Jeffrey Young
|
0-0: Ball 1-0: Ball 2-0: Foul Ball, location: 2F 2-1: Ball 3-1: Called Strike 3-2: Foul Ball, location: 2F 3-2: SINGLE (Groundball, 3S, EV 62.5 MPH) (infield hit)
|
|
Batting: RHB John Pignotti
|
0-0: Bunted foul 0-1: Ball 1-1: Bunt missed! 1-2: Grounds into double play, 6-4-3 (Groundball, 56, EV 96.9 MPH)
|
|
Batting: RHB John Nicolo
|
0-0: Ball 1-0: Ball 2-0: Called Strike 2-1: Fly out, F4 (Line Drive, 4, EV 65.6 MPH)
|
| Bottom of the 7th over - 0 runs, 1 hit, 0 errors, 0 left on base; Danville 1 - Wausau 4 |
| TOP OF THE 8TH |
|
Danville Veterans batting - Pitching for Wausau Timbers : RHP Brian Buckley
|
|
Pitching: RHP Robert Mettler
|
|
|
Batting: RHB Jeff Hall
|
0-0: Called Strike 0-1: Called Strike 0-2: Foul Ball, location: 2F 0-2: Strikes out swinging
|
|
Batting: RHB Henry Janssen
|
0-0: Ball 1-0: Ball 2-0: Ball 3-0: Called Strike 3-1: Base on Balls
|
|
Batting: SHB Donnie Hill
|
0-0: Fielders Choice at 2nd, 4-6 (Groundball, 4, EV 83.8 MPH)
|
|
Batting: LHB Mark Salas
|
0-0: Called Strike 0-1: Ball 1-1: Ball 2-1: Foul Ball, location: 2F 2-2: Fly out, F8 (Flyball, 8LM, EV 90.0 MPH)
|
| Top of the 8th over - 0 runs, 0 hits, 0 errors, 1 left on base; Danville 1 - Wausau 4 |
| BOTTOM OF THE 8TH |
|
Wausau Timbers batting - Pitching for Danville Veterans : RHP John Violette
|
|
Batting: LHB Rodney Nealeigh
|
0-0: Fly out, F9 (Flyball, 9LM, EV 105.0 MPH)
|
|
Batting: RHB Rich Renteria
|
0-0: Ball 1-0: Ball 2-0: Called Strike 2-1: Called Strike 2-2: Fly out, F5 (Line Drive, 5, EV 68.8 MPH)
|
|
Batting: SHB James Flores
|
0-0: Ground out 5-3 (Groundball, 56, EV 100.0 MPH)
|
| Bottom of the 8th over - 0 runs, 0 hits, 0 errors, 0 left on base; Danville 1 - Wausau 4 |
| TOP OF THE 9TH |
|
Danville Veterans batting - Pitching for Wausau Timbers : RHP Robert Mettler
|
|
Batting: RHB Robert Gauci
|
0-0: SINGLE (Groundball, 34D, EV 94.4 MPH)
|
|
Batting: RHB Joseph Soprano
|
0-0: Ball 1-0: Ball 2-0: Foul Ball, location: 2F 2-1: Foul Ball, location: 2F 2-2: Fly out, F7 (Flyball, 7, EV 83.1 MPH)
|
|
Batting: RHB Ed Saavedra
|
0-0: Called Strike 0-1: Ball 1-1: Foul Ball, location: 2F 1-2: Ball 2-2: Fielders Choice at 2nd, 4-6 (Groundball, 4M, EV 103.1 MPH)
|
|
Batting: RHB Robert Allen
|
0-0: Fly out, F9 (Flyball, 89M, EV 83.1 MPH)
|
| Top of the 9th over - 0 runs, 1 hit, 0 errors, 1 left on base; Danville 1 - Wausau 4 |
|